 Dungeon Crawl Stone Soup version 0.26-a0-597-gb535b0901c (webtiles) character file.

Game seed: 4263249144922748316

561507 hello1 the Fencer (level 26, -3/296 HPs)
             Began as a Gnoll Warper on Sept 2, 2020.
             Was the Champion of Ashenzari.
             Slain by a frost giant simulacrum (26 damage)
             ... summoned by a mummy priest
             ... on level 2 of the Tomb of the Ancients on Sept 4, 2020.
             The game lasted 08:21:36 (71515 turns).

hello1 the Fencer (Gnoll Warper)                   Turns: 71515, Time: 08:21:36

Health: -3/296     AC: 32    Str: 15    XL:     26   Next: 3%
Magic:  24/48      EV: 34    Int: 18    God:    Ashenzari [******]
Gold:   2859       SH:  0    Dex: 28    Spells: 6/59 levels left

rFire    + . .     SeeInvis +   X - +12 great sword "Deej" {speed, rN+} (curse)
rCold    . . .     Faith    .   (shield currently unavailable)
rNeg     + + .     Spirit   .   (armour currently unavailable)
rPois    ∞         Reflect  .   Q - +2 hat (curse)
rElec    +         Harm     .   c - +0 cloak (curse)
rCorr    +         Clarity  +   (gloves currently unavailable)
MR       +++++                  (boots currently unavailable)
Stlth    ++++++++..             S - amulet of Ytuepono {*Slow rPois MR+++ Regen+ Dex+4} (curse)
HPRegen  0.99/turn              K - ring "Hoiphut" {rF+ Int+3 SInv} (curse)
MPRegen  0.31/turn              k - ring of resist corrosion (curse)

@: statue-form, studying 2 skills, very slow
A: distributed training, fangs 1, dopey 1, high mp 1, magic resistance 1, robust
1, MP-powered wands, sturdy frame 1, strong nose
}: 4/15 runes: barnacled, slimy, silver, gossamer
a: End Transformation, Curse Item, Scrying, Renounce Religion


You were on level 2 of the Tomb of the Ancients.
You worshipped Ashenzari.
Ashenzari was exalted by your worship.
You were a stone statue.
You visited 11 branches of the dungeon, and saw 50 of its levels.
You also visited: Bailey and Gauntlet.

You collected 8600 gold pieces.
You spent 5741 gold pieces at shops.

Inventory:

Hand Weapons
 X - the cursed +12 great sword "Deej" (weapon) {speed, rN+}
   (You took it off a deep elf demonologist on level 3 of the Elven Halls)

   Attacks with this weapon are significantly faster.
   It protects you from negative energy.
   It has a curse placed upon it.
Missiles
 R - 3 boomerangs of dispersal (quivered)
 T - a throwing net
Armour
 c - a cursed +0 cloak (worn)
 i - a cursed +0 pair of boots (melded)
 D - a cursed +2 pair of gloves of strength (melded)
 G - cursed +0 steam dragon scales (melded)
 Q - a cursed +2 hat (worn)
Jewellery
 e - an uncursed amulet of magic regeneration
 k - a cursed ring of resist corrosion (right hand)
 K - the cursed ring "Hoiphut" (left hand) {rF+ Int+3 SInv}
   (You found it on level 3 of the Crypt)

   [ring of protection from fire]

   It affects your intelligence (+3).
   It protects you from fire.
   It lets you see invisible.
   It has a curse placed upon it.
 S - the cursed amulet of Ytuepono (around neck) {*Slow rPois MR+++ Regen+ Dex+4}
   (You bought it in a shop on level 2 of the Orcish Mines)

   [amulet of regeneration]

   It affects your dexterity (+4).
   It protects you from poison.
   It affects your resistance to hostile enchantments.
   It increases your rate of regeneration.
   It may slow you when you take damage.
   It has a curse placed upon it.
Wands
 v - a wand of disintegration (15)
 x - a wand of digging (13)
 y - a wand of polymorph (29)
 A - a wand of paralysis (65)
 F - a wand of flame (82)
 I - a wand of iceblast (37)
 P - a wand of enslavement (23)
 Y - a wand of acid (11)
Scrolls
 a - 6 scrolls of enchant weapon
 b - a scroll of brand weapon
 d - 7 scrolls of enchant armour
 g - 15 scrolls of teleportation
 l - 8 scrolls of immolation
 n - 8 scrolls of remove curse
 q - 41 scrolls of identify
 s - 11 scrolls of fog
 B - 3 scrolls of blinking
 E - 6 scrolls of amnesia
 H - 13 scrolls of magic mapping
 J - 3 scrolls of silence
 L - 2 scrolls of vulnerability
 V - 5 scrolls of fear
 Z - 2 scrolls of holy word
Potions
 f - 2 potions of berserk rage
 h - 5 potions of cancellation
 j - 9 potions of brilliance
 m - 6 potions of stabbing
 o - 3 potions of invisibility
 p - 8 potions of might
 r - 14 potions of curing
 t - 9 potions of haste
 u - 8 potions of heal wounds
 w - 11 potions of flight
 z - 4 potions of resistance
Books
 C - a manual of Earth Magic
 U - a manual of Long Blades
Miscellaneous
 N - a tin of tremorstones (3/3)


   Skills:
 + Level 17.1 Fighting
 + Level 16.6 Short Blades
 + Level 20.0(24.7) Long Blades
 + Level 16.6 Axes
 + Level 16.6 Maces & Flails
 + Level 16.6 Polearms
 + Level 16.6 Staves
 + Level 16.6 Slings
 + Level 16.6 Bows
 + Level 16.6 Crossbows
 + Level 16.8 Throwing
 + Level 16.8 Armour
 + Level 17.1(20.9) Dodging
 + Level 16.6(20.4) Stealth
 + Level 16.6 Shields
 + Level 16.6 Unarmed Combat
 + Level 17.2 Spellcasting
 + Level 14.3(18.3) Conjurations
 + Level 14.3(18.3) Hexes
 + Level 14.3(18.3) Summonings
 + Level 14.3(18.3) Necromancy
 + Level 15.1(19.1) Translocations
 + Level 14.3(18.3) Transmutations
 + Level 14.3(18.3) Fire Magic
 + Level 14.3(18.3) Ice Magic
 + Level 14.3(18.3) Air Magic
 + Level 15.4(19.4) Earth Magic
 + Level 14.3(18.3) Poison Magic
 + Level 17.9 Invocations
 + Level 16.6(20.4) Evocations


You had 6 spell levels left.
You knew the following spells:

 Your Spells              Type           Power        Failure   Level
a - Ignition              Fire           ######....   13%         8
b - Blink                 Tloc           N/A          0%          2
c - Lee's Rapid Deconstr  Erth           ######....   1%          5
d - Spellforged Servitor  Conj/Summ      ######....   1%          7
e - Mephitic Cloud        Conj/Pois/Air  ######..     0%          3
f - Swiftness             Air            ######..     0%          2
g - Passage of Golubria   Tloc           N/A          0%          4
h - Passwall              Tmut/Erth      ######..     0%          2
i - Statue Form           Tmut/Erth      ######...    1%          6
j - Iron Shot             Conj/Erth      ######....   1%          6
k - Lehudib's Crystal Sp  Conj/Erth      ######....   11%         8

Your spell library contained the following spells:

 Spells                   Type           Power        Failure   Level
 Animate Skeleton         Necr           ######       0%          1
 Apportation              Tloc           ######       0%          1
 Beastly Appendage        Tmut           ######       0%          1
 Corona                   Hex            ######.      0%          1
 Foxfire                  Conj/Fire      ####         0%          1
 Magic Dart               Conj           ####         0%          1
 Sandblast                Erth           ######       0%          1
 Shock                    Conj/Air       ####         0%          1
 Sting                    Tmut/Pois      ####         0%          1
 Summon Small Mammal      Summ           ####         0%          1
 Call Imp                 Summ           ######..     0%          2
 Corpse Rot               Necr/Air       N/A          0%          2
 Ensorcelled Hibernation  Hex/Ice        ######       0%          2
 Poisonous Vapours        Pois/Air       ######       0%          2
 Searing Ray              Conj           ######       0%          2
 Slow                     Hex            ######..     0%          2
 Wereblood                Tmut           ######..     0%          2
 Call Canine Familiar     Summ           ######..     0%          3
 Confusing Touch          Hex            ######..     0%          3
 Conjure Flame            Conj/Fire      ######..     0%          3
 Frozen Ramparts          Ice            ######       0%          3
 Gell's Gravitas          Tloc           ######....   0%          3
 Ignite Poison            Fire/Tmut/Pois ######..     0%          3
 Inner Flame              Hex/Fire       ######..     0%          3
 Lesser Beckoning         Tloc           ######....   0%          3
 Ozocubu's Armour         Ice            ######..     0%          3
 Portal Projectile        Hex/Tloc       ######       0%          3
 Spider Form              Tmut/Pois      ######....   0%          3
 Static Discharge         Conj/Air       ######..     0%          3
 Stone Arrow              Conj/Erth      ######       0%          3
 Summon Guardian Golem    Hex/Summ       ######..     0%          3
 Teleport Other           Tloc           ######..     0%          3
 Tukima's Dance           Hex            ######..     0%          3
 Leda's Liquefaction      Hex/Erth       ######....   0%          4
 Petrify                  Tmut/Erth      ######..     0%          4
 Airstrike                Air            ######....   1%          4
 Animate Dead             Necr           ######....   1%          4
 Cause Fear               Hex            ######....   1%          4
 Hailstorm                Conj/Ice       ######..     1%          4
 Ice Form                 Ice/Tmut       ######..     1%          4
 Olgreb's Toxic Radiance  Pois           ######..     1%          4
 Sticky Flame             Conj/Fire      ######..     1%          4
 Summon Ice Beast         Ice/Summ       ######..     1%          4
 Summon Lightning Spire   Summ/Air       ######..     1%          4
 Alistair's Intoxication  Tmut/Pois      ######...    1%          5
 Blade Hands              Tmut           ######....   1%          5
 Bolt of Magma            Conj/Fire/Erth ######....   1%          5
 Borgnjor's Vile Clutch   Necr/Erth      ######....   1%          5
 Fireball                 Conj/Fire      ######....   1%          5
 Irradiate                Conj/Tmut      ######....   1%          5
 Iskenderun's Battlesphe  Conj           ######..     1%          5
 Lightning Bolt           Conj/Air       ######....   1%          5
 Summon Forest            Summ/Tloc      ######....   1%          5
 Death Channel            Necr           ######....   1%          6
 Eringya's Noxious Bog    Tmut/Pois      ######....   1%          6
 Freezing Cloud           Conj/Ice/Air   ######....   1%          6
 Hydra Form               Tmut           ######....   1%          6
 Invisibility             Hex            ######..     1%          6
 Shadow Creatures         Summ           N/A          1%          6
 Simulacrum               Ice/Necr       ######....   1%          6
 Starburst                Conj/Fire      ######....   1%          6
 Dragon Form              Tmut           ######....   1%          7
 Haunt                    Necr/Summ      ######....   1%          7
 Malign Gateway           Summ/Tloc      ######....   1%          7
 Orb of Destruction       Conj           ######....   1%          7
 Summon Hydra             Summ           ######....   1%          7
 Disjunction              Tloc           ######....   10%         8
 Borgnjor's Revivificati  Necr           ######....   13%         8
 Chain Lightning          Conj/Air       ######....   13%         8
 Discord                  Hex            ######....   13%         8
 Infestation              Necr           ######....   13%         8
 Necromutation            Tmut/Necr      ######....   13%         8
 Shatter                  Erth           ######....   80%         9
 Absolute Zero            Ice            ######....   90%         9
 Death's Door             Necr           ######....   90%         9
 Fire Storm               Conj/Fire      ######....   90%         9
 Tornado                  Air            ######....   90%         9


Dungeon Overview and Level Annotations

Branches:
Dungeon (15/15)            Temple (1/1) D:6            Lair (6/6) D:9
 Shoals (4/4) Lair:4       Spider (4/4) Lair:2        Slime (5/5) Lair:6
    Orc (2/2) D:11            Elf (3/3) Orc:2        Vaults (5/5) D:13
  Crypt (3/3) Vaults:2       Tomb (2/3) Crypt:3      Depths (0/5) D:15
 Bailey (visited)         Gauntlet (visited)

Altars:
Ashenzari
Cheibriados
Dithmenos
Elyvilon
Fedhas
Gozag
Hepliaklqana
Kikubaaqudgha
Makhleb
Nemelex Xobeh
Okawaru
Qazlal
Ru
Sif Muna
Trog
Uskayaw
Vehumet
Wu Jian
Xom
Yredelemnul
Zin
The Shining One
Beogh
Jiyva

Shops:
D:14 ?   Orc:2 [*(=   Shoals:3 *!:   Shoals:4 =*   Vaults:1 (   Vaults:5 }

Annotations:
Orc:2 2 transporters, Graouh's ghost, journeyman MiFi
Elf:1 Wiebster667's ghost, adept MiBe
Tomb:2 Boris


Innate Abilities, Weirdness & Mutations

Your experience applies equally to all skills.
You have very sharp teeth.
Your uncanny sense of smell can sniff out nearby items.
You are dopey. (Int -2)
You have an increased reservoir of magic. (+10% MP)
You are resistant to hostile enchantments. (MR+)
You are robust. (+10% HP)
You expend magic power (3 MP) to strengthen your wands.
Your movements are slightly less encumbered by armour. (ER -2)


Message History

Boris hits you!
* * * LOW HITPOINT WARNING * * *
Boris misses you.
The emperor scorpion stings you but does no damage.
The emperor scorpion barely misses you.
The emperor scorpion completely misses you.
You slash Boris! You bite Boris, but do no damage.
Boris is severely damaged.
The freezing wraith hits your spellforged servitor.
The freezing wraith freezes your spellforged servitor.
Your spellforged servitor resists.
The freezing wraith hits your spellforged servitor!
The freezing wraith drains your spellforged servitor's vigour!
Your spellforged servitor seems to slow down.
The wraith hits your spellforged servitor!
The mummy priest hits your spellforged servitor!
The frost giant simulacrum hits you.
* * * LOW HITPOINT WARNING * * *
The frost giant simulacrum freezes you!!
You die...

,, , #..........
#..,,* ^, ..........s
#^. ,* ,........§§§§.
*..,, , .... .#...M.§
##'###∆..........L.Ms
#^...#,..:.......§§§.
#.^WM#............§§)
#.WML#M.......#..M..)
#.W88s...............
#^.Z.#.............S.
#....# .###.........☼
###### # * ........
>,,^*,, *,,..^.M...
*, ,* ,** ....Z.. *,
{* , ,, , ,,, ,,{, ,
,, , ,, * {{ *
,,,,,,, , { ,


You could see a greater mummy, Boris (invisible), an emperor scorpion
(summoned), a mummy priest, a flayed ghost (summoned), a freezing wraith
(summoned), a wraith (summoned), a mummy (summoned), a frost giant simulacrum
(summoned) and a friendly spellforged servitor (summoned, slow).

Vanquished Creatures
  the Royal Jelly (Slime:5)
  4 ancient liches
  The ghost of fuzzi the Wrestler, a master TrTm of Cheibriados (Vaults:4)
  Boris (twice) (Vaults:4)
  Sojobo (Crypt:1)
  The ghost of Febuipse the Earth Mage, an adept OpEE of Vehumet (Crypt:2)
  Jory (Tomb:1)
  2 profane servitors (Crypt:3)
  2 liches
  A tentacled monstrosity (Vaults:4)
  A deep elf master archer (Elf:3)
  21 acid blobs
  6 titans
  A deep elf blademaster (Elf:2)
  7 sphinxes
  6 ancient champions
  An eldritch tentacle (Vaults:1)
  A kraken (Shoals:2)
  A storm dragon (Vaults:5)
  2 shadow dragons (Vaults:4)
  2 tengu reavers
  13 azure jellies
  Ilsuiw (Shoals:2)
  5 revenants
  15 vault wardens
  A fire giant (Vaults:4)
  4 frost giants
  4 ghost moths
  2 curse skulls (Crypt:3)
  2 orc warlords
  15 ironheart preservers
  A reaper (Crypt:3)
  4 ghouls
  2 emperor scorpions
  A deep elf elementalist (Vaults:5)
  6 very ugly things
  A caustic shrike skeleton (Crypt:3)
  A war gargoyle (Vaults:5)
  4 entropy weavers
  10 vampire knights
  13 stone giants
  7 deep elf demonologists
  Nessos (D:14)
  5 deep elf annihilators
  A minotaur (Gauntlet)
  4 eidola
  9 merfolk javelineers
  9 mummy priests
  4 deep elf death magi
  19 death oozes
  2 deep elf high priests
  5 merfolk impalers
  3 fire dragons
  5 ettins
  Josephine (D:14)
  5 great orbs of eyes
  11 jiangshi
  12 yaktaur captains
  A rakshasa (Vaults:3)
  34 vault guards
  3 hydras
  8 merfolk aquamancers
  3 ice dragons
  3 merfolk avatars
  6 centaur warriors
  5 ogre magi
  5 death knights
  A satyr (Shoals:4)
  23 dancing weapons
  26 two-headed ogres
  6 vampire magi
  3 deep troll shamans
  3 orc high priests (Orc:2)
  17 death scarabs
  23 death yaks
  Nergalle (Orc:1)
  Urug (Lair:4)
  The ghost of Hiceoc the Nimble, a journeyman FeBe of Trog (Lair:4)
  A titan zombie (Crypt:2)
  A soul eater (Crypt:3)
  3 deep troll earth magi
  20 deep elf knights
  A hell knight (Vaults:4)
  4 shadow wraiths
  A fire crab (shapeshifter) (Elf:2)
  An entropy weaver zombie (Crypt:3)
  A titan skeleton (Tomb:1)
  15 sea snakes
  5 nameless horrors
  3 unseen horrors
  12 deep trolls
  2 glowing orange brains
  22 skeletal warriors
  A storm dragon skeleton (Crypt:3)
  3 flayed ghosts
  A shadow dragon zombie (Crypt:2)
  A deep troll (shapeshifter) (Vaults:5)
  16 phantasmal warriors
  16 deep elf archers
  4 wizards
  9 orb spiders
  7 necromancers
  20 ironbrand convokers
  6 orc sorcerers
  2 fire giant zombies
  25 wolf spiders
  2 anaconda skeletons
  52 deep elf magi
  5 fauns
  10 harpies
  13 orc knights
  7 manticores
  26 ugly things
  4 oklob plants (Lair:6)
  4 cyclopes
  A faun (shapeshifter) (Vaults:1)
  A moth of wrath (Spider:2)
  8 merfolk sirens
  2 shining eyes
  A dire elephant zombie (Crypt:3)
  An iron dragon skeleton (Crypt:3)
  8 elephants
  A guardian serpent (Lair:6)
  7 centaur zombies
  3 water nymphs
  A torpor snail (shapeshifter) (Vaults:3)
  15 vault sentinels
  16 black mambas
  15 cane toads
  4 torpor snails
  A storm dragon simulacrum (Crypt:2)
  A shock serpent skeleton (Crypt:3)
  A cane toad (shapeshifter) (Vaults:4)
  A pale draconian zombie (Crypt:3)
  2 centaur skeletons
  2 rime drakes (Lair:5)
  42 yaktaurs
  An emperor scorpion zombie (Tomb:1)
  4 kobold demonologists
  A tengu conjurer (D:15)
  6 demonic crawlers
  A komodo dragon (shapeshifter) (Vaults:4)
  9 freezing wraiths
  A yellow draconian skeleton (Crypt:2)
  2 redback zombies
  Maggie (D:6)
  5 komodo dragons
  5 trolls
  An entropy weaver simulacrum (Vaults:2)
  33 jumping spiders
  9 guardian mummies
  A troll (shapeshifter) (Vaults:1)
  17 merfolk
  A queen bee (D:13)
  2 polar bears (Lair:4)
  A meliai (shapeshifter) (Elf:2)
  A polar bear (shapeshifter) (Vaults:1)
  A wind drake (shapeshifter) (Vaults:1)
  5 wind drakes
  A hornet (shapeshifter) (D:10)
  14 blink frogs
  6 snapping turtles
  2 bog bodies
  13 hornets
  A hydra skeleton (Crypt:2)
  A satyr zombie (Crypt:3)
  101 slime creatures
  7 hippogriffs
  Sigmund (D:6)
  12 water elementals
  A fire dragon skeleton (Crypt:3)
  4 air elementals
  14 wyverns
  12 wraiths
  A spriggan (Lair:4)
  20 tarantellas
  19 yaks
  6 vampires
  A tarantella (shapeshifter) (Vaults:1)
  Eustachio (D:5)
  53 redbacks
  A human (shapeshifter) (Vaults:3)
  6 golden eyes (Slime:5)
  4 basilisks
  3 fire elementals
  2 ushabtiu (Tomb:1)
  A hog (shapeshifter) (D:15)
  A chaos spawn (Gauntlet)
  A neqoxec (Gauntlet)
  4 wargs
  6 vampire mosquitoes
  Menkaure (D:5)
  A yaktaur simulacrum (Vaults:3)
  2 steam dragons
  2 acid dragons (D:15)
  3 soldier ants
  21 water moccasins
  60 orc warriors
  9 porcupines
  2 hell hounds (Lair:4)
  A floating eye (Slime:2)
  A black bear (shapeshifter) (Vaults:2)
  A water nymph skeleton (Crypt:1)
  6 ice beasts
  3 sky beasts
  9 small abominations
  3 black bears
  4 necrophages
  A boggart (Vaults:2)
  A phantom (D:11)
  2 eyes of draining
  23 ogres
  A snapping turtle skeleton (Crypt:2)
  16 centaurs
  14 wolves
  2 lindwurm skeletons
  18 crocodiles
  4 big kobolds
  A bullfrog (shapeshifter) (Vaults:5)
  12 bullfrogs
  2 earth elementals (Elf:2)
  A salamander skeleton (Crypt:2)
  3 scorpions
  A human simulacrum (Vaults:2)
  11 killer bees
  A spriggan zombie (Crypt:3)
  25 wights
  2 howler monkeys
  4 electric eels
  4 jellies
  8 hounds
  33 orc wizards
  29 orc priests
  A demonspawn zombie (Crypt:2)
  A gnoll shaman (D:4)
  Crazy Yiuf (D:2)
  A bullfrog skeleton (D:10)
  A human skeleton (Crypt:2)
  8 iguanas
  A porcupine zombie (Crypt:1)
  6 worker ants
  6 hell rats (Lair:5)
  3 wolf simulacra (D:13)
  A deep dwarf zombie (Crypt:3)
  A big kobold zombie (Crypt:2)
  A dwarf zombie (Crypt:1)
  A tengu skeleton (Crypt:3)
  A deep dwarf skeleton (Crypt:2)
  3 hound zombies
  9 mummies
  2 howler monkey skeletons
  12 gnolls
  9 adders
  A swamp drake skeleton (Crypt:2)
  2 shadow imps
  A white imp (D:5)
  2 ufetubi
  3 adder skeletons
  An adder zombie (D:5)
  A worm (D:6)
  A dart slug (D:3)
  4 leopard geckos
  134 orcs
  3 ball pythons
  8 giant cockroaches
  6 goblins
  8 hobgoblins
  9 jackals
  32 kobolds
  4 quokkas
  5 bats
  8 frilled lizards
  11 rats
  5 crawling corpses
  4 tentacles (Shoals:2)
2004 creatures vanquished.

Vanquished Creatures (collateral kills)
  Dissolution (Slime:2)
  Mennas (Crypt:1)
  A tentacled monstrosity (Vaults:4)
  Asterion (Elf:3)
  A deep elf blademaster (Elf:3)
  A deep elf master archer (Elf:3)
  A sphinx (Tomb:1)
  7 acid blobs
  5 ancient champions
  3 tengu reavers
  A revenant (Crypt:3)
  4 deep elf sorcerers
  3 azure jellies
  2 vault wardens
  A curse skull (Crypt:3)
  A deep elf elementalist (Elf:3)
  An ironheart preserver (Vaults:3)
  A stone giant (Vaults:5)
  An entropy weaver (Vaults:5)
  3 deep elf demonologists
  4 vampire knights
  2 deep elf annihilators
  5 spark wasps
  An eidolon (Crypt:3)
  A merfolk javelineer (Shoals:2)
  3 mummy priests (Tomb:1)
  5 merfolk impalers
  3 deep elf death magi (Elf:3)
  A jiangshi (Crypt:2)
  2 great orbs of eyes
  An ice dragon (Vaults:4)
  4 yaktaur captains
  A deep elf high priest (Elf:3)
  A rakshasa (Vaults:2)
  6 vault guards
  A merfolk avatar (Shoals:4)
  A quicksilver dragon skeleton (Crypt:3)
  2 two-headed ogres
  2 death knights
  A centaur warrior (D:14)
  9 dancing weapons
  3 merfolk aquamancers
  3 ogre magi (Vaults:4)
  A death scarab (Tomb:1)
  2 deep troll earth magi (Vaults:3)
  A deep troll shaman (Vaults:3)
  7 deep elf knights
  2 skeletal warriors
  A sea snake (Shoals:3)
  An unseen horror (D:14)
  3 deep trolls
  2 flayed ghosts
  A wizard (D:15)
  8 deep elf archers
  2 harpies (Vaults:4)
  3 orc knights (Vaults:2)
  3 ironbrand convokers
  2 phantasmal warriors (D:15)
  13 orb spiders
  18 deep elf magi
  A fire giant zombie (Crypt:2)
  11 wolf spiders
  A glowing shapeshifter (Shoals:4)
  2 manticores (Shoals:4)
  5 ugly things
  2 orc sorcerers
  4 fauns
  2 moths of wrath (Spider:4)
  3 cyclopes (D:15)
  A nameless horror (D:14)
  A vault sentinel (Vaults:2)
  A centaur zombie (D:15)
  A shining eye (Slime:3)
  3 merfolk sirens
  3 water nymphs
  A kobold demonologist (D:15)
  A demonic crawler (Spider:4)
  4 yaktaurs
  A yaktaur zombie (Vaults:2)
  3 guardian mummies
  12 jumping spiders
  3 meliai (D:13)
  A wind drake (Shoals:4)
  14 merfolk
  A hornet (Spider:4)
  A troll (D:14)
  18 slime creatures
  A blink frog (shapeshifter) (D:15)
  3 snapping turtles
  A stone giant simulacrum (Vaults:3)
  2 water elementals
  28 redbacks
  An ettin skeleton (Vaults:2)
  3 wraiths
  5 tarantellas
  A basilisk (D:15)
  3 vampire mosquitoes (D:14)
  2 chaos spawn (Gauntlet)
  A warg (Vaults:2)
  A merfolk zombie (Crypt:1)
  6 orc warriors
  An eye of draining (Slime:2)
  A merfolk skeleton (Crypt:3)
  3 ogres
  13 centaurs
  A dream sheep skeleton (Crypt:1)
  A big kobold (D:15)
  A human zombie (Vaults:2)
  A bullfrog (D:14)
  A draconian skeleton (Crypt:1)
  7 killer bees (D:13)
  An electric eel (Spider:3)
  An orc wizard (Vaults:2)
  4 orc priests
  A polar bear simulacrum (D:13)
  A human skeleton (Crypt:1)
  A worker ant (D:14)
  2 yak simulacra (D:13)
  A mummy (Tomb:1)
  A worm zombie (Crypt:1)
  9 orcs
  A kobold (D:15)
  5 river rat simulacra (D:13)
389 creatures vanquished.

Vanquished Creatures (others)
  A tentacled monstrosity (Vaults:5)
  A deep elf blademaster (Elf:3)
  16 eldritch tentacles
  A tengu reaver (Crypt:1)
  A deep elf elementalist (Elf:3)
  An entropy weaver (Vaults:5)
  A deep elf death mage (Elf:3)
  A deep elf knight (Elf:1)
  2 harpies (Shoals:4)
  A merfolk (Shoals:2)
  A hornet (Spider:4)
  A shadow (D:15)
  A scorpion (shapeshifter) (Vaults:5)
  An orc (Vaults:3)
  6 bushes (Lair:6)
  65 fungi
  201 plants
  4 tentacles (Shoals:2)
  2 withered plants (Elf:1)
308 creatures vanquished.

Grand Total: 2701 creatures vanquished

Notes
Turn   | Place    | Note
-------+----------+-------------------------------------------
     0 | D:1      | hello1 the Gnoll Warper began the quest for the Orb.
     0 | D:1      | Reached XP level 1. HP: 20/20 MP: 6/6
   118 | D:1      | Reached XP level 2. HP: 26/26 MP: 7/7
   272 | D:1      | Reached XP level 3. HP: 28/31 MP: 9/9
   324 | D:1      | Reached skill level 5 in Spellcasting
   779 | D:2      | Reached skill level 1 in Invocations
   851 | D:2      | Found a shattered altar of Ashenzari.
   859 | D:2      | Became a worshipper of Ashenzari the Shackled
   953 | D:2      | Reached skill level 1 in Short Blades
   953 | D:2      | Reached skill level 1 in Axes
   953 | D:2      | Reached skill level 1 in Maces & Flails
   953 | D:2      | Reached skill level 1 in Polearms
   953 | D:2      | Reached skill level 1 in Staves
   953 | D:2      | Reached skill level 1 in Slings
   953 | D:2      | Reached skill level 1 in Bows
   953 | D:2      | Reached skill level 1 in Crossbows
   953 | D:2      | Reached skill level 1 in Stealth
   953 | D:2      | Reached skill level 1 in Shields
   953 | D:2      | Reached skill level 1 in Unarmed Combat
   953 | D:2      | Reached skill level 1 in Evocations
  1118 | D:2      | Learned a level 3 spell: Gell's Gravitas
  1138 | D:2      | Reached XP level 4. HP: 37/38 MP: 7/11
  1228 | D:2      | Learned a level 2 spell: Blink
  1667 | D:2      | Found a runed translucent door.
  1668 | D:2      | Noticed Crazy Yiuf
  1687 | D:2      | Killed Crazy Yiuf
  1687 | D:2      | Reached skill level 1 in Conjurations
  1687 | D:2      | Reached skill level 1 in Hexes
  1687 | D:2      | Reached skill level 1 in Summonings
  1687 | D:2      | Reached skill level 1 in Necromancy
  1687 | D:2      | Reached skill level 1 in Transmutations
  1687 | D:2      | Reached skill level 1 in Fire Magic
  1687 | D:2      | Reached skill level 1 in Ice Magic
  1687 | D:2      | Reached skill level 1 in Air Magic
  1687 | D:2      | Reached skill level 1 in Earth Magic
  1687 | D:2      | Reached skill level 1 in Poison Magic
  2013 | D:3      | Reached XP level 5. HP: 43/43 MP: 12/12
  2025 | D:3      | Found a blossoming altar of Fedhas.
  2504 | D:3      | Reached * piety under Ashenzari
  2787 | D:3      | Found a shimmering blue altar of Sif Muna.
  3022 | D:4      | Noticed an ogre
  3059 | D:4      | Reached XP level 6. HP: 27/50 MP: 3/13
  3343 | D:4      | Reached skill level 5 in Fighting
  3343 | D:4      | Reached skill level 5 in Long Blades
  3343 | D:4      | Reached skill level 5 in Dodging
  3799 | D:4      | Reached XP level 7. HP: 45/56 MP: 15/15
  5436 | D:4      | Reached XP level 8. HP: 62/63 MP: 12/16
  5797 | D:5      | Entered Level 5 of the Dungeon
  5797 | D:5      | Noticed Ijyb
  5800 | D:5      | Noticed Ijyb
  5800 | D:5      | Ijyb changed into Ijyb the steam dragon
  5807 | D:5      | Noticed Menkaure
  5826 | D:6      | Noticed Maggie
  5848 | D:6      | Found a staircase to the Ecumenical Temple.
  5856 | Temple   | Entered the Ecumenical Temple
  6456 | D:6      | Killed Maggie
  6544 | D:5      | Found an opulent altar of Gozag.
  6544 | D:5      | Noticed Eustachio
  6574 | D:5      | Killed Eustachio
  6787 | D:5      | Killed Ijyb the steam dragon
  6803 | D:5      | Reached skill level 6 in Long Blades
  6856 | D:5      | Killed Menkaure
  6856 | D:5      | Reached XP level 9. HP: 52/69 MP: 18/18
  7231 | D:5      | Found a hazy altar of Hepliaklqana.
  7327 | D:6      | Found a snail-covered altar of Cheibriados.
  7419 | D:6      | Noticed Sigmund
  7578 | D:6      | Killed Sigmund
  7581 | D:6      | Reached skill level 5 in Throwing
  7581 | D:6      | Reached skill level 5 in Armour
  7699 | D:6      | Reached ** piety under Ashenzari
  8069 | D:7      | Found a shimmering blue altar of Sif Muna.
  8412 | D:7      | Reached skill level 5 in Invocations
  8644 | D:7      | Found a burning altar of Makhleb.
  8925 | D:8      | Found a bloodstained altar of Trog.
  8951 | D:8      | Reached XP level 10. HP: 64/77 MP: 11/20
  9155 | D:8      | Learned a level 4 spell: Ice Form
  9402 | D:8      | Reached skill level 5 in Short Blades
  9402 | D:8      | Reached skill level 5 in Axes
  9402 | D:8      | Reached skill level 5 in Maces & Flails
  9402 | D:8      | Reached skill level 5 in Polearms
  9402 | D:8      | Reached skill level 5 in Staves
  9402 | D:8      | Reached skill level 5 in Slings
  9402 | D:8      | Reached skill level 5 in Bows
  9402 | D:8      | Reached skill level 5 in Crossbows
  9402 | D:8      | Reached skill level 5 in Stealth
  9402 | D:8      | Reached skill level 5 in Shields
  9402 | D:8      | Reached skill level 5 in Unarmed Combat
  9402 | D:8      | Reached skill level 5 in Evocations
  9821 | D:8      | Reached *** piety under Ashenzari
 10067 | D:9      | Reached skill level 7 in Long Blades
 10075 | D:9      | Found a flagged portal.
 10083 | Bailey   | Entered a bailey
 10930 | Bailey   | Learned a level 3 spell: Lesser Beckoning
 11580 | Bailey   | Noticed an orc knight
 11597 | Bailey   | Killed an orc knight
 11980 | D:9      | Noticed a two-headed ogre
 12149 | D:9      | Found a staircase to the Lair.
 12332 | D:9      | Reached XP level 11. HP: 59/84 MP: 10/22
 13064 | D:10     | Entered Level 10 of the Dungeon
 13073 | D:9      | Identified a scroll of acquirement
 13073 | D:9      | Acquired the Compendium of Creative Attacks
 13080 | D:9      | Learned a level 5 spell: Irradiate
 13149 | D:10     | Reached skill level 5 in Conjurations
 13149 | D:10     | Reached skill level 5 in Hexes
 13149 | D:10     | Reached skill level 5 in Summonings
 13149 | D:10     | Reached skill level 5 in Necromancy
 13149 | D:10     | Reached skill level 5 in Transmutations
 13149 | D:10     | Reached skill level 5 in Fire Magic
 13149 | D:10     | Reached skill level 5 in Ice Magic
 13149 | D:10     | Reached skill level 5 in Air Magic
 13149 | D:10     | Reached skill level 5 in Earth Magic
 13149 | D:10     | Reached skill level 5 in Poison Magic
 13199 | D:10     | Noticed a salamander
 13199 | D:10     | a queen bee changed into a salamander
 13334 | D:10     | Reached **** piety under Ashenzari
 13637 | D:10     | Noticed a manticore
 13641 | D:10     | Killed a manticore
 13663 | D:10     | Learned a level 2 spell: Swiftness
 13668 | D:10     | Learned a level 4 spell: Passage of Golubria
 14183 | D:11     | Noticed a two-headed ogre
 14287 | Lair:1   | Entered Level 1 of the Lair of Beasts
 14290 | Lair:1   | Reached skill level 8 in Long Blades
 14694 | Lair:1   | Learned a level 5 spell: Lee's Rapid Deconstruction
 14697 | Lair:1   | Learned a level 2 spell: Passwall
 15163 | D:9      | Learned a level 3 spell: Mephitic Cloud
 15284 | Lair:2   | Reached ***** piety under Ashenzari
 15746 | Lair:2   | Reached XP level 12. HP: 93/93 MP: 21/24
 15867 | Lair:2   | Identified the +1 robe of Benevolence {MP-9 Str+3 Int+4
                  | SInv}
 15892 | Lair:2   | Found a hole to the Spider Nest.
 16599 | Lair:3   | Noticed a seven-headed hydra
 16621 | Lair:3   | Killed a 15-headed hydra
 18160 | Lair:4   | Found a runed translucent door.
 18642 | Lair:4   | Noticed Hiceoc's ghost (journeyman FeBe)
 18656 | Lair:4   | Killed Hiceoc's ghost
 18656 | Lair:4   | Reached skill level 9 in Long Blades
 18782 | Lair:4   | Noticed Urug
 18929 | Lair:4   | Killed Urug
 19239 | Lair:4   | Noticed a seven-headed hydra
 19246 | Lair:4   | Killed a ten-headed hydra
 19414 | Lair:4   | Learned a level 4 spell: Olgreb's Toxic Radiance
 19458 | Lair:4   | Found a staircase to the Shoals.
 19500 | Lair:4   | Reached XP level 13. HP: 97/101 MP: 21/26
 20919 | Lair:5   | Identified the +1 robe of Cafom {Dex+4}
 21812 | Lair:6   | Entered Level 6 of the Lair of Beasts
 23452 | Lair:6   | Reached skill level 10 in Spellcasting
 24582 | Lair:5   | Reached XP level 14. HP: 51/109 MP: 19/28
 24833 | Lair:5   | Reached skill level 10 in Fighting
 24833 | Lair:5   | Reached skill level 10 in Long Blades
 24833 | Lair:5   | Reached skill level 10 in Dodging
 26257 | Lair:6   | Reached skill level 10 in Invocations
 26723 | Lair:6   | Learned a level 6 spell: Statue Form
 27728 | Lair:6   | Found a viscous altar of Jiyva.
 27728 | Lair:6   | Found a staircase to the Slime Pits.
 28630 | D:11     | Found a staircase to the Orcish Mines.
 29063 | Orc:1    | Entered Level 1 of the Orcish Mines
 29067 | Orc:1    | Reached skill level 10 in Throwing
 29067 | Orc:1    | Reached skill level 10 in Armour
 29196 | Orc:1    | Paralysed by an orc sorcerer for 5 turns
 29208 | Orc:1    | Reached XP level 15. HP: 117/117 MP: 13/29
 29569 | Orc:1    | Noticed Nergalle
 29582 | Orc:1    | Killed Nergalle
 29628 | Orc:1    | Found a roughly hewn altar of Beogh.
 29914 | Orc:2    | Entered Level 2 of the Orcish Mines
 29924 | Orc:2    | Found a roughly hewn altar of Beogh.
 30156 | Orc:2    | Found a transporter.
 30158 | Orc:2    | Found a transporter.
 30160 | Orc:2    | Identified the +6 dire flail of the Glimmering Seer
                  | {antimagic, rF+ MR+ MP+9 Str+2}
 30173 | Orc:2    | Noticed Graouh's ghost (journeyman MiFi)
 30225 | Orc:2    | Found a staircase to the Elven Halls.
 30228 | Orc:2    | Reached ****** piety under Ashenzari
 30369 | Orc:2    | Noticed an orc warlord
 30381 | Orc:2    | Reached skill level 10 in Translocations
 30405 | Orc:2    | Killed an orc warlord
 30773 | Orc:2    | Reached skill level 10 in Short Blades
 30773 | Orc:2    | Reached skill level 10 in Axes
 30773 | Orc:2    | Reached skill level 10 in Maces & Flails
 30773 | Orc:2    | Reached skill level 10 in Polearms
 30773 | Orc:2    | Reached skill level 10 in Staves
 30773 | Orc:2    | Reached skill level 10 in Slings
 30773 | Orc:2    | Reached skill level 10 in Bows
 30773 | Orc:2    | Reached skill level 10 in Crossbows
 30773 | Orc:2    | Reached skill level 10 in Stealth
 30773 | Orc:2    | Reached skill level 10 in Shields
 30773 | Orc:2    | Reached skill level 10 in Unarmed Combat
 30773 | Orc:2    | Reached skill level 10 in Evocations
 31424 | Orc:2    | Found Ofa Onki's General Store.
 31425 | Orc:2    | Found Coobarel's Jewellery Boutique.
 31426 | Orc:2    | Found Talik's Antique Armour Shop.
 31426 | Orc:2    | Found Kilub's Antique Weapon Shop.
 31430 | Orc:2    | Bought a pair of embroidered gloves for 187 gold pieces
 31440 | Orc:2    | Bought a scroll of remove curse for 42 gold pieces
 31440 | Orc:2    | Bought a scroll of teleportation for 42 gold pieces
 31440 | Orc:2    | Bought a scroll of identify for 28 gold pieces
 31441 | Orc:2    | Bought the amulet of Ytuepono {*Slow rPois MR+++ Regen+
                  | Dex+4} for 772 gold pieces
 31468 | Orc:2    | Reached skill level 11 in Long Blades
 31529 | Orc:2    | Found a bloodstained altar of Trog.
 31700 | D:11     | Learned a level 7 spell: Spellforged Servitor
 31819 | D:12     | Found a blossoming altar of Fedhas.
 32432 | D:13     | Found a gate leading to a gauntlet.
 32436 | Gauntlet | Entered a Gauntlet
 32436 | Gauntlet | Found a transporter.
 32436 | Gauntlet | Found a transporter.
 32437 | Gauntlet | Found a runed translucent door.
 32437 | Gauntlet | Found a transporter.
 32438 | Gauntlet | Found a transporter.
 32440 | Gauntlet | Found a transporter.
 32441 | Gauntlet | Found a transporter.
 32449 | Gauntlet | Found a transporter.
 32450 | Gauntlet | Found a transporter.
 32451 | Gauntlet | Found a transporter.
 32452 | Gauntlet | Found a transporter.
 32456 | Gauntlet | Found a runed translucent door.
 32458 | Gauntlet | Found a runed translucent door.
 32460 | Gauntlet | Found a transporter.
 32460 | Gauntlet | Found a transporter.
 32674 | Gauntlet | Gained mutation: Potions are less effective at restoring
                  | your health. [a neqoxec]
 32674 | Gauntlet | Gained mutation: You occasionally shout uncontrollably at
                  | your foes. [a neqoxec]
 32675 | Gauntlet | Gained mutation: You have a pair of small horns on your
                  | head. [a neqoxec]
 32677 | Gauntlet | Gained mutation: Your body sometimes deteriorates upon
                  | taking damage. [a neqoxec]
 32918 | Gauntlet | Identified the Guide on Translocation and Feathers
 32958 | Gauntlet | Lost mutation: Potions are less effective at restoring your
                  | health. [potion of mutation]
 32958 | Gauntlet | Lost mutation: Your body sometimes deteriorates upon taking
                  | damage. [potion of mutation]
 32958 | Gauntlet | Gained mutation: Your movements are slightly less
                  | encumbered by armour. (ER -2) [potion of mutation]
 32958 | Gauntlet | Gained mutation: You evolve. [potion of mutation]
 33220 | D:13     | Gained mutation: You have an increased reservoir of magic.
                  | (+10% MP) [evolution]
 33220 | D:13     | Lost mutation: You evolve. [end of evolution]
 33733 | D:13     | Found a gate to the Vaults.
 33749 | D:13     | Reached XP level 16. HP: 125/125 MP: 5/34
 33915 | D:14     | Found Upleddun's Magic Scroll Emporium.
 33928 | D:14     | Bought a scroll of magic mapping for 52 gold pieces
 33928 | D:14     | Bought 2 scrolls of enchant weapon for 225 gold pieces
 34621 | D:14     | Noticed Josephine
 34631 | D:14     | Killed Josephine
 34757 | D:14     | Noticed Nessos
 34767 | D:14     | Killed Nessos
 35033 | D:15     | Entered Level 15 of the Dungeon
 35044 | D:15     | Found a roughly hewn altar of Beogh.
 35601 | D:15     | Identified the +2 scale mail "Wirche" {rElec rF+ rC+}
 36113 | D:15     | Found a staircase to the Depths.
 36390 | D:15     | Learned a level 7 spell: Malign Gateway
 36634 | Spider:1 | Entered Level 1 of the Spider Nest
 37056 | Spider:1 | Identified the +4 scale mail "Wuanwue" {Str+4 Int-2}
 37532 | Spider:2 | Reached skill level 12 in Long Blades
 37586 | Spider:2 | Reached XP level 17. HP: 133/133 MP: 31/36
 38428 | Spider:3 | Identified the cursed +1 leather armour "Yseydag" {+Fly}
 38893 | Spider:4 | Entered Level 4 of the Spider Nest
 39141 | Spider:4 | Identified the cursed +0 flail "Kefyn" {freeze, Str+3
                  | Dex+4}
 40102 | Spider:4 | Reached skill level 10 in Conjurations
 40102 | Spider:4 | Reached skill level 10 in Hexes
 40102 | Spider:4 | Reached skill level 10 in Summonings
 40102 | Spider:4 | Reached skill level 10 in Necromancy
 40102 | Spider:4 | Reached skill level 10 in Transmutations
 40102 | Spider:4 | Reached skill level 10 in Fire Magic
 40102 | Spider:4 | Reached skill level 10 in Ice Magic
 40102 | Spider:4 | Reached skill level 10 in Air Magic
 40102 | Spider:4 | Reached skill level 10 in Earth Magic
 40102 | Spider:4 | Reached skill level 10 in Poison Magic
 40569 | Spider:4 | Got a gossamer rune of Zot
 40814 | Shoals:1 | Entered Level 1 of the Shoals
 41588 | Shoals:1 | Reached XP level 18. HP: 142/142 MP: 33/38
 42352 | Shoals:2 | Noticed Ilsuiw
 42387 | Shoals:2 | Killed Ilsuiw
 42935 | Shoals:3 | Found Edeesaev's Book Shop.
 43054 | Shoals:3 | Found Bonty's Distillery.
 43475 | Shoals:3 | Found Uraluz's General Store.
 43720 | Shoals:4 | Entered Level 4 of the Shoals
 43763 | Shoals:4 | Found Qasubur's Assorted Antiques.
 43832 | Shoals:4 | Identified the ring "Inluts" {rN+ Str+2}
 43961 | Shoals:4 | Noticed Nikola
 43969 | Shoals:4 | Nikola changed into Nikola the glowing shapeshifter
 44155 | Shoals:4 | Reached skill level 13 in Long Blades
 44351 | Shoals:4 | Got a barnacled rune of Zot
 44399 | Shoals:4 | Bought a papyrus book for 585 gold pieces
 44399 | Shoals:4 | Bought a scroll of remove curse for 117 gold pieces
 44620 | Shoals:4 | Found Wityepin's Jewellery Boutique.
 45074 | Elf:1    | Entered Level 1 of the Elven Halls
 45206 | Elf:1    | Found a runed translucent door.
 45206 | Elf:1    | Noticed Wiebster667's ghost (adept MiBe)
 45207 | Elf:1    | Identified the +5 rapier "Transmigrator" {flame, MR+}
 45287 | Elf:1    | Identified the +5 glaive of Azufeahe {speed, rPois rC+
                  | Str+7 Int-2}
 45548 | Elf:1    | Reached XP level 19. HP: 149/149 MP: 2/39
 45702 | Elf:1    | Identified Onelou's Papyrus of the Entourage
 47185 | Elf:2    | Found a huge runed translucent gate.
 47185 | Elf:2    | Found a huge runed translucent gate.
 47197 | Elf:2    | Found a huge runed translucent gate.
 47200 | Elf:2    | Found a huge runed translucent gate.
 47200 | Elf:2    | Found a huge runed translucent gate.
 48498 | Shoals:3 | Bought a book of Annihilations for 1656 gold pieces
 48849 | Elf:3    | Entered Level 3 of the Elven Halls
 48919 | Elf:3    | Reached skill level 14 in Long Blades
 49060 | Elf:3    | Noticed Asterion
 49067 | Elf:3    | Killed Asterion
 50114 | Elf:3    | Noticed an Ice Fiend
 50147 | Elf:3    | Identified the +12 great sword "Deej" {speed, rN+}
 50147 | Elf:3    | Identified the ring "Raewot" {+Fly rPois Str-5 Int+6}
 50147 | Elf:3    | Identified the ring "Forou" {rF- rC++ Str+6 Int+4}
 50383 | Elf:3    | Identified the ring of Honesty {Fire rElec rN+++ Str+2
                  | Int-3}
 50383 | Elf:3    | Identified the +4 kite shield "Ifipebirgh" {rElec rC-
                  | Stlth+} (You took it off a deep elf mage on level 3 of the
                  | Elven Halls)
 50605 | Elf:3    | Identified the +3 great sword of the Trees {vorpal, rN+
                  | Dex+2}
 50746 | Elf:3    | Identified Xudeos's Disquisition on Feathers
 50819 | Elf:3    | Reached XP level 20. HP: 158/158 MP: 26/41
 50859 | Elf:3    | Identified the Incunabulum of Feathery Attacks
 51401 | Vaults:1 | Entered Level 1 of the Vaults
 51421 | Vaults:1 | Learned a level 6 spell: Iron Shot
 52209 | Vaults:1 | Found Efuecy's Antique Weapon Boutique.
 52223 | Vaults:1 | Bought an encrusted great sword for 379 gold pieces
 52223 | Vaults:1 | Identified the +4 great sword of the Wraith {elec, +Inv
                  | MR+} (You bought it in a shop on level 1 of the Vaults)
 52824 | Vaults:2 | Found a staircase to the Crypt.
 52925 | Vaults:2 | Reached skill level 15 in Long Blades
 54712 | Vaults:3 | Reached XP level 21. HP: 166/166 MP: 22/43
 54966 | Vaults:3 | Identified the cursed +0 scale mail of the Arcane {Dex+7}
 55606 | Vaults:3 | Reached skill level 15 in Invocations
 56138 | Vaults:3 | Learned a level 8 spell: Ignition
 56273 | Vaults:4 | Gained mutation: You are occasionally teleported next to
                  | monsters. [mutagenic glow]
 56430 | Vaults:4 | Reached skill level 16 in Long Blades
 56645 | Vaults:4 | Noticed Boris
 56659 | Vaults:4 | Killed Boris
 57275 | Vaults:4 | Reached skill level 15 in Spellcasting
 57437 | Vaults:4 | Found a runed translucent door.
 57439 | Vaults:4 | Noticed fuzzi's ghost (master TrTm)
 57440 | Vaults:4 | Found the +11 plutonium sword {*Contam Stlth-}
 57462 | Vaults:4 | Killed fuzzi's ghost
 57462 | Vaults:4 | Reached XP level 22. HP: 174/174 MP: 23/45
 57864 | Vaults:5 | Entered Level 5 of the Vaults
 57865 | Vaults:5 | Reached skill level 15 in Fighting
 57865 | Vaults:5 | Reached skill level 15 in Dodging
 58196 | Vaults:5 | Noticed Boris
 58197 | Vaults:5 | Reached skill level 17 in Long Blades
 58202 | Vaults:4 | Gained mutation: You tend to lose your temper in combat.
                  | [mutagenic glow]
 58360 | Vaults:4 | Killed Boris
 58561 | Vaults:5 | Identified the cursed ring of Ilocufoa {rF+ Int-5 Dex+7
                  | Slay-4}
 58563 | Vaults:5 | Reached skill level 15 in Throwing
 58563 | Vaults:5 | Reached skill level 15 in Armour
 59023 | Vaults:5 | Identified the +1 plate armour of Quantum Leap {Harm +Blink
                  | rF+ rC+}
 59089 | Vaults:5 | Reached XP level 23. HP: 182/182 MP: 36/46
 59422 | Vaults:5 | Reached skill level 15 in Short Blades
 59422 | Vaults:5 | Reached skill level 15 in Axes
 59422 | Vaults:5 | Reached skill level 15 in Maces & Flails
 59422 | Vaults:5 | Reached skill level 15 in Polearms
 59422 | Vaults:5 | Reached skill level 15 in Staves
 59422 | Vaults:5 | Reached skill level 15 in Slings
 59422 | Vaults:5 | Reached skill level 15 in Bows
 59422 | Vaults:5 | Reached skill level 15 in Crossbows
 59422 | Vaults:5 | Reached skill level 15 in Stealth
 59422 | Vaults:5 | Reached skill level 15 in Shields
 59422 | Vaults:5 | Reached skill level 15 in Unarmed Combat
 59422 | Vaults:5 | Reached skill level 15 in Evocations
 59750 | Vaults:5 | Found Hazisch's Gadget Shop.
 59760 | Vaults:5 | Got a silver rune of Zot
 59829 | Vaults:5 | Identified the Catalogue of the Glacial Compass
 59836 | Vaults:5 | Identified the Guide on the Freezing Volcanoes
 59838 | Vaults:5 | Identified the Grimoire of Bewitchment
 59989 | Vaults:5 | Noticed an ancient lich
 59998 | Vaults:5 | Killed an ancient lich
 60112 | Vaults:5 | Identified the +2 scale mail "Quefuo" {Str+4}
 60247 | Vaults:5 | Noticed an ancient lich
 60254 | Vaults:5 | Killed an ancient lich
 61136 | Shoals:3 | Bought a manual of Earth Magic for 1656 gold pieces
 61294 | Slime:1  | Entered Level 1 of the Pits of Slime
 61408 | Slime:1  | Gained mutation: You are clumsy. (Dex -2) [a shining eye]
 61466 | Slime:1  | Reached skill level 18 in Long Blades
 61782 | Slime:2  | Noticed Dissolution
 61788 | Slime:2  | Paralysed by a floating eye for 4 turns
 61792 | Slime:2  | Killed Dissolution
 63279 | Slime:3  | Lost mutation: You occasionally shout uncontrollably at
                  | your foes. [a shining eye]
 63283 | Slime:3  | Gained mutation: Scrolls take you a little longer to read.
                  | [a shining eye]
 63377 | Slime:3  | Reached XP level 24. HP: 191/191 MP: 37/47
 64258 | Slime:5  | Entered Level 5 of the Pits of Slime
 64770 | Slime:5  | Noticed the Royal Jelly
 65104 | Slime:4  | Learned a level 8 spell: Lehudib's Crystal Spear
 65181 | Slime:5  | Killed the Royal Jelly
 65650 | Slime:5  | Identified the cursed +0 great mace "Yffy" {flame, Str+4
                  | Int+4}
 65651 | Slime:5  | Identified the +2 quarterstaff "Sinlap" {speed, Int+3
                  | Dex+3}
 65651 | Slime:5  | Identified the +2 robe of Mutualism {rF+ rC++ rCorr Slay+2}
 65652 | Slime:5  | Found the +6 Majin-Bo {vamp, MP+6 Int+6}
 65652 | Slime:5  | Found the ring of the Octopus King {rN+ AC+1 EV+1 Str+1
                  | Int+1 Dex+1}
 65652 | Slime:5  | Found the ring of the Octopus King {rN+ AC+1 EV+1 Str+1
                  | Int+1 Dex+1}
 65655 | Slime:5  | Identified the cursed +0 plate armour of Ashenzari's
                  | Delight {-Cast rC++ SInv}
 65738 | Slime:5  | Got a slimy rune of Zot
 65942 | Slime:5  | Acquired 850 gold pieces
 66387 | Crypt:1  | Entered Level 1 of the Crypt
 66413 | Crypt:1  | Noticed Sojobo
 66442 | Crypt:1  | Killed Sojobo
 66474 | Crypt:1  | Noticed Mennas
 66498 | Crypt:1  | Killed Mennas
 66752 | Vaults:2 | Lost mutation: You tend to lose your temper in combat.
                  | [potion of mutation]
 66752 | Vaults:2 | Lost mutation: Scrolls take you a little longer to read.
                  | [potion of mutation]
 66752 | Vaults:2 | Lost mutation: You are clumsy. (Dex -2) [potion of
                  | mutation]
 66752 | Vaults:2 | Gained mutation: You are dopey. (Int -2) [potion of
                  | mutation]
 66752 | Vaults:2 | Gained mutation: You possess an exceptional clarity of
                  | mind. [potion of mutation]
 66817 | Vaults:2 | Lost mutation: You possess an exceptional clarity of mind.
                  | [potion of mutation]
 66817 | Vaults:2 | Lost mutation: You have a pair of small horns on your head.
                  | [potion of mutation]
 66817 | Vaults:2 | Lost mutation: You are occasionally teleported next to
                  | monsters. [potion of mutation]
 66817 | Vaults:2 | Gained mutation: You are robust. (+10% HP) [potion of
                  | mutation]
 66817 | Vaults:2 | Gained mutation: You expend magic power (3 MP) to
                  | strengthen your wands. [potion of mutation]
 66817 | Vaults:2 | Gained mutation: You are resistant to hostile enchantments.
                  | (MR+) [potion of mutation]
 67803 | Crypt:2  | Reached skill level 19 in Long Blades
 68316 | Crypt:2  | Found a runed translucent door.
 68316 | Crypt:2  | Found a shimmering altar of Xom.
 68316 | Crypt:2  | Noticed Febuipse's ghost (adept OpEE)
 68317 | Crypt:2  | Identified the +7 battleaxe of the Coin {chaos, Fragile rF+
                  | Str-2 Dex+3 SInv}
 68325 | Crypt:2  | Killed Febuipse's ghost
 68808 | Crypt:3  | Entered Level 3 of the Crypt
 68808 | Crypt:3  | Identified the +2 hand crossbow of Gesag {penet, rElec
                  | Int+4 SInv}
 68878 | Crypt:3  | Found a staircase to the Tomb.
 68894 | Crypt:3  | Reached XP level 25. HP: 218/218 MP: 26/47
 68906 | Crypt:3  | Noticed an ancient lich
 68923 | Crypt:3  | Killed an ancient lich
 69284 | Crypt:3  | Found a huge runed gate.
 69284 | Crypt:3  | Found a huge runed gate.
 69284 | Crypt:3  | Found a huge runed gate.
 69284 | Crypt:3  | Found a huge runed gate.
 69284 | Crypt:3  | Found a huge runed gate.
 69284 | Crypt:3  | Found a huge runed gate.
 69285 | Crypt:3  | Found a huge runed gate.
 69294 | Crypt:3  | Found a huge runed gate.
 69294 | Crypt:3  | Found a huge runed gate.
 69294 | Crypt:3  | Found a huge runed gate.
 69294 | Crypt:3  | Found a huge runed gate.
 69294 | Crypt:3  | Found a huge runed gate.
 69357 | Crypt:3  | Found a huge runed gate.
 69357 | Crypt:3  | Found a huge runed gate.
 69358 | Crypt:3  | Found a huge runed gate.
 69359 | Crypt:3  | Found a huge runed gate.
 69367 | Crypt:3  | Found a huge runed gate.
 69367 | Crypt:3  | Found a huge runed gate.
 69367 | Crypt:3  | Found a huge runed gate.
 69367 | Crypt:3  | Found a huge runed gate.
 69657 | Crypt:3  | Found a basalt altar of Yredelemnul.
 69678 | Crypt:3  | Found an ancient bone altar of Kikubaaqudgha.
 69685 | Crypt:3  | Identified the +3 pair of gloves "Vus Neha" {Slay+2}
 69685 | Crypt:3  | Identified the +7 rapier of Xom's Supremacy {freeze,
                  | *Contam Str+8 Int+2}
 69731 | Crypt:3  | Identified the +9 hand axe of Yfabu {protect, rF+}
 69731 | Crypt:3  | Found the +4 dagger "Morg" {pain, MR+ Int+5}
 69875 | Crypt:3  | Found a huge runed gate.
 69875 | Crypt:3  | Found a huge runed gate.
 69875 | Crypt:3  | Found a huge runed gate.
 69887 | Crypt:3  | Identified the ring "Hoiphut" {rF+ Int+3 SInv}
 69889 | Crypt:3  | Reached skill level 15 in Earth Magic
 70109 | Tomb:1   | Entered Level 1 of the Tomb of the Ancients
 70325 | Tomb:1   | Reached skill level 15 in Translocations
 70651 | Tomb:1   | Noticed Jory
 70672 | Tomb:1   | Killed Jory
 71205 | Tomb:1   | Identified the +8 plate armour of Vierioc {Harm rN+ Str+4
                  | Dex+2}
 71343 | Tomb:2   | Noticed a greater mummy
 71343 | Tomb:2   | Noticed a greater mummy
 71343 | Tomb:2   | Noticed a greater mummy
 71343 | Tomb:2   | Noticed an ancient lich
 71358 | Tomb:2   | Reached skill level 20 in Long Blades
 71496 | Tomb:2   | Noticed Boris
 71509 | Tomb:2   | Killed an ancient lich
 71509 | Tomb:2   | Reached XP level 26. HP: 68/228 MP: 23/48
 71515 | Tomb:2   | Slain by a frost giant simulacrum

Illustrated notes

Levels and vault maps discovered:
D:1:      shiori_arrival_oz, layout_basic, minmay_3d_cube
D:2:      cheibrodos_helix_gallery, layout_basic, ashenzari_altar_1,
          uniq_crazy_yiuf_cottage
D:3:      layout_loops_corners, nicolae_overflow_crystal_walls, led_sif_pool
D:4:      kennysheep_kobold_camp, layout_rooms, corexii_item_surrounded_by_moat,
          nrook_loot_triangle
D:5:      layout_rooms, nicolae_gozag_seed_capital, kennysheep_mini_moat,
          uniq_ijyb, uniq_eustachio, uniq_menkaure
D:6:      layout_basic, slow_altar_2, temple_statues, uniq_maggie, uniq_sigmund
D:7:      layout_basic, overflow_temple_1_default, bloody_makhleb
D:8:      layout_basic, trog_ov_bears_minmay
D:9:      layout_irregular_city, dpeg_oklobed_lair, enter_bailey_2
D:10:     minmay_distorted_concentric_squares, layout_basic
D:11:     layout_loops_cross, orc_0_dummy
D:12:     layout_loops_ring, fedhas_bush_and_centaur_altar
D:13:     layout_roguey, erik_vaults_2, gauntlet_entry_generic, special_room
          [special_room_bee], eino_house_with_fridge
D:14:     layout_loops_ring, minmay_holes, serial_shops, shop,
          hangedman_decor_growths, chequers_jeans, uniq_nessos, uniq_josephine
D:15:     grunt_enter_depths_hoard, layout_basic, serial_bayou_pond_e,
          special_room [special_room_orc], hangedman_decor_slide_cut
Temple:   nicolae_temple_great_sept
Lair:1:   layout_roguey, lemuel_another_geyser
Lair:2:   layout_loops_ring, nicolae_spider_entry_tight_spaces, minivault_11
Lair:3:   layout_long_grid, beast_lair_carwin_6
Lair:4:   layout_regular_city, elwin_shoals_entry_stream, enter_volcano_3,
          ebering_ghost_reflecting_pool, grunt_forest_stairs_clearing, uniq_urug
Lair:5:   layout_regular_city, grunt_megastairs_2
Lair:6:   hangedman_lair_tendril_chambers, layout_regular_city,
          dpeg_slime_entry_enclosed_altar, serial_bayou_lake_a,
          serial_bayou_shore_a, lemuel_fruit_tree, minmay_lair_oklob_chamber
Shoals:1: cheibrodos_shoals_three_sisters, layout_shoals, st_sunken_huts
Shoals:2: layout_shoals, nicolae_shoals_kraken_intersection, uniq_ilsuiw
Shoals:3: cheibrodos_shoals_baths, layout_shoals, serial_shops, shop,
          nicolae_shop_stone, nicolae_shop_competitors_out_of_business
Shoals:4: shoals_end_simple, layout_shoals, serial_shops,
          nicolae_shop_waterfront, minmay_shop_enchanted_jewellery, uniq_nikola
Spider:1: layout_spider_delve
Spider:2: layout_spider_delve
Spider:3: layout_spider_delve
Spider:4: spider_rune_water
Slime:1:  layout_caves
Slime:2:  layout_caves, cheibrodos_slime_lost_civilization_5, uniq_dissolution
Slime:3:  layout_caves
Slime:4:  layout_caves
Slime:5
Orc:1:    layout_caves, basic_altar, uniq_nergalle
Orc:2:    st_orc_congregation, layout_caves, gammafunk_ghost_wrathful_warriors,
          basic_altar
Elf:1:    layout_loops_corners, gammafunk_ghost_grave, minmay_elf_demonology,
          hex_tiny
Elf:2:    layout_geoelf_diagonals, serial_sigils_hangedman_writhe, nrook_uturn
Elf:3:    elf_hall_gauntlet_narrow, layout_loops_corners, uniq_asterion
Vaults:1: hangedman_vaults_stretched_pinwheel, grunt_vaults_trifunnel,
          v_rooms_3, vaults_standard_mumra_enter_the_diamond,
          hangedman_vaults_capsules, nicolae_vaults_triangles,
          layout_vaults_big_room, serial_shops, nicolae_shop_window_shopping
Vaults:2: ontoclasm_vaults_eye, vaults_room_fancy_cross,
          minmay_crypt_entry_simple_round, st_eye, vaults_dpeg_ring, v_misc_28,
          hangedman_vaults_maws, nicolae_vaults_little_ls,
          ontoclasm_vaults_decontamination, vaults_room_door_ring,
          layout_vaults_omnigrid
Vaults:3: grunt_vaults_diagonal, vaults_mumra_chevron,
          nicolae_vaults_little_squares_4, ontoclasm_vaults_bender,
          nicolae_vaults_angled_halls, hangedman_vaults_corner_blocks, v_misc_8,
          ontoclasm_vaults_loading_screen, v_misc_16, grunt_vaults_twisty,
          v_misc_28, nicolae_vaults_shelves_hall, nicolae_vaults_what_the_h,
          vaults_mumra_minichess_inversion, layout_vaults_big_cross
Vaults:4: ebering_vaults_ghost_reflecting_pool, nicolae_vaults_minivaults,
          vaults_dpeg_doors, v_misc_4, ontoclasm_vaults_chip,
          nicolae_vaults_shelves_hall, v_rooms_6, v_misc_5,
          nicolae_vaults_asterisk, nicolae_vaults_angled_halls,
          vaults_dpeg_encased_lava, v_misc_27, layout_vaults_maze, uniq_boris
Vaults:5
Crypt:1:  layout_gridlike, uniq_sojobo, uniq_mennas
Crypt:2:  hangedman_hall_of_fallen_heroes, layout_regular_city,
          ebering_ghost_xom, grunt_ministairs_4
Crypt:3:  lightli_unholy_cathedral, layout_chaotic_city, st_stairs_14,
          door_vault
Tomb:1:   uniq_jory
Tomb:2

Skill      XL: |  1  2  3  4  5  6  7  8  9 10 11 12 13 14 15 16 17 18 19 20 21 22 23 24 25 |
---------------+----------------------------------------------------------------------------+-----
Spellcasting   | 5 6 7 8 9 10 11 12 13 14 15 16 17 | 17.2
Invocations    | 1 2 3 4 5 6 7 8 9 10 11 12 13 14 15 16 17 | 17.9
Short Blades   | 1 2 3 4 5 6 7 8 9 10 11 12 13 14 15 16 | 16.6
Axes           | 1 2 3 4 5 6 7 8 9 10 11 12 13 14 15 16 | 16.6
Maces & Flails | 1 2 3 4 5 6 7 8 9 10 11 12 13 14 15 16 | 16.6
Polearms       | 1 2 3 4 5 6 7 8 9 10 11 12 13 14 15 16 | 16.6
Staves         | 1 2 3 4 5 6 7 8 9 10 11 12 13 14 15 16 | 16.6
Slings         | 1 2 3 4 5 6 7 8 9 10 11 12 13 14 15 16 | 16.6
Bows           | 1 2 3 4 5 6 7 8 9 10 11 12 13 14 15 16 | 16.6
Crossbows      | 1 2 3 4 5 6 7 8 9 10 11 12 13 14 15 16 | 16.6
Stealth        | 1 2 3 4 5 6 7 8 9 10 11 12 13 14 15 16 | 16.6
Shields        | 1 2 3 4 5 6 7 8 9 10 11 12 13 14 15 16 | 16.6
Unarmed Combat | 1 2 3 4 5 6 7 8 9 10 11 12 13 14 15 16 | 16.6
Evocations     | 1 2 3 4 5 6 7 8 9 10 11 12 13 14 15 16 | 16.6
Conjurations   | 1 2 3 4 5 6 7 8 9 10 11 12 13 14 | 14.3
Hexes          | 1 2 3 4 5 6 7 8 9 10 11 12 13 14 | 14.3
Summonings     | 1 2 3 4 5 6 7 8 9 10 11 12 13 14 | 14.3
Necromancy     | 1 2 3 4 5 6 7 8 9 10 11 12 13 14 | 14.3
Transmutations | 1 2 3 4 5 6 7 8 9 10 11 12 13 14 | 14.3
Fire Magic     | 1 2 3 4 5 6 7 8 9 10 11 12 13 14 | 14.3
Ice Magic      | 1 2 3 4 5 6 7 8 9 10 11 12 13 14 | 14.3
Air Magic      | 1 2 3 4 5 6 7 8 9 10 11 12 13 14 | 14.3
Earth Magic    | 1 2 3 4 5 6 7 8 9 10 11 12 13 14 15 | 15.4
Poison Magic   | 1 2 3 4 5 6 7 8 9 10 11 12 13 14 | 14.3
Throwing       | 3 4 5 6 7 8 9 10 11 12 13 14 15 16 | 16.8
Armour         | 3 4 5 6 7 8 9 10 11 12 13 14 15 16 | 16.8
Fighting       | 5 6 7 8 9 10 11 12 13 14 15 16 17 | 17.1
Long Blades    | 5 6 7 8 9 10 11 12 13 14 15 16 17 18 19 20 | 20.0
Dodging        | 5 6 7 8 9 10 11 12 13 14 15 16 17 | 17.1
Translocations | 6 7 8 9 10 11 12 13 14 15 | 15.1

Action                   |  1- 3 |  4- 6 |  7- 9 | 10-12 | 13-15 | 16-18 | 19-21 | 22-24 | 25-27 || total
-------------------------+-------+-------+-------+-------+-------+-------+-------+-------+-------++-------
Melee: Falchion          |    98 |   153 |    68 |       |       |       |       |       |       ||   319
       Bite              |     6 |    20 |    44 |    69 |   154 |   181 |   106 |   146 |    62 ||   788
       Quarterstaff      |       |       |    66 |       |       |       |       |       |       ||    66
       Dagger            |       |       |     9 |       |       |       |       |       |       ||     9
       Punch             |       |       |     6 |    14 |    73 |       |       |       |       ||    93
       Scimitar          |       |       |   162 |   477 |   888 |   916 |   227 |       |       ||  2670
       Unarmed           |       |       |       |    14 |       |       |       |       |       ||    14
       Headbutt          |       |       |       |       |    57 |   284 |   257 |   179 |       ||   777
       Great sword       |       |       |       |       |       |       |   487 |   641 |   248 ||  1376
Throw: Boomerang         |       |       |     6 |     5 |     6 |       |     1 |       |       ||    18
       Throwing net      |       |       |       |       |       |       |     1 |     4 |       ||     5
 Cast: Gell's Gravitas   |     1 |    15 |    33 |    28 |    29 |       |       |       |       ||   106
       Blink             |       |       |    10 |       |    10 |     3 |     4 |     7 |     1 ||    35
       Ice Form          |       |       |       |     3 |       |       |       |       |       ||     3
       Lesser Beckoning  |       |       |       |     2 |     2 |       |       |       |       ||     4
       Mephitic Cloud    |       |       |       |    39 |   106 |    55 |    67 |    13 |       ||   280
       Swiftness         |       |       |       |     7 |     4 |       |     3 |     2 |       ||    16
       Passage of Golubr |       |       |       |     2 |       |     1 |       |       |       ||     3
       Lee's Rapid Decon |       |       |       |     4 |    61 |    12 |    24 |       |       ||   101
       Olgreb's Toxic Ra |       |       |       |     1 |     7 |       |       |       |       ||     8
       Passwall          |       |       |       |     1 |     2 |       |       |       |       ||     3
       Statue Form       |       |       |       |       |    44 |    83 |    66 |    75 |    12 ||   280
       Spellforged Servi |       |       |       |       |    12 |    64 |    71 |    50 |    11 ||   208
       Malign Gateway    |       |       |       |       |       |    11 |     6 |       |       ||    17
       Iron Shot         |       |       |       |       |       |       |    18 |    16 |       ||    34
       Ignition          |       |       |       |       |       |       |     4 |    51 |    14 ||    69
       Lehudib's Crystal |       |       |       |       |       |       |       |    13 |       ||    13
Invok: Scrying           |       |     2 |       |       |     1 |     1 |       |       |       ||     4
       Curse Item        |       |       |     2 |     1 |     6 |     2 |     1 |       |     1 ||    13
 Abil: End Transformatio |       |       |       |       |       |       |     1 |    10 |     2 ||    13
Evoke: Wand              |       |       |    12 |    30 |    12 |    23 |     1 |    47 |     1 ||   126
       Condenser vane    |       |       |     3 |     1 |       |       |       |       |       ||     4
       Tin of tremorston |       |       |       |       |       |     1 |     1 |       |     3 ||     5
  Use: Potion            |       |     3 |    10 |     2 |     1 |     1 |       |    14 |     6 ||    37
       Scroll            |       |     6 |     7 |     9 |     4 |    10 |     4 |     8 |     4 ||    52
 Stab: Sleeping          |     4 |     1 |     6 |    29 |     7 |    10 |    20 |    10 |     3 ||    90
       Distracted        |       |     1 |       |     1 |     9 |    19 |    30 |    15 |     5 ||    80
       Confused          |       |       |     3 |    30 |    84 |    52 |    76 |     8 |       ||   253
       Paralysed         |       |       |       |    13 |       |       |       |       |       ||    13
       Invisible         |       |       |       |       |       |       |       |     3 |       ||     3
Armor: Leather armour    |    17 |    22 |    32 |       |       |       |       |       |       ||    71
       Scale mail        |       |    15 |       |       |       |       |       |       |       ||    15
       Acid dragon scale |       |       |    57 |    98 |    93 |    12 |       |       |       ||   260
       Skin              |       |       |       |     1 |   132 |   320 |   163 |   292 |   107 ||  1015
       Steam dragon scal |       |       |       |       |       |     2 |    10 |    12 |     6 ||    30
Dodge: Dodged            |    83 |   110 |   229 |   379 |   895 |  1307 |   802 |  1132 |   489 ||  5426
Block: Buckler           |       |       |       |       |    31 |   628 |   124 |       |       ||   783
       Rpst.: Falchion   |    26 |    34 |    13 |       |       |       |       |       |       ||    73
       Scimitar          |       |       |    28 |    88 |   258 |   235 |    35 |       |       ||   644
       Great sword       |       |       |       |       |       |       |   123 |   227 |    99 ||   449

Table legend: (Time is in decaauts)
 A = Elapsed time spent in this place.
 B = Non-inter-level travel time spent in this place.
 C = Inter-level travel time spent in this place.
 D = Time resting spent in this place.
 E = Time spent auto-exploring this place.
 F = Levels seen in this place.
 G = Mean time per level.
                   A        B        C        D        E       F      G
               +--------+--------+--------+--------+--------+-----+--------+
         Total |  77298 |  70969 |   6329 |   7967 |  45457 |  52 | 1486.5 |
       Dungeon |  19186 |  17492 |   1694 |   1339 |  12701 |  15 | 1279.1 |
        Temple |    537 |    525 |     12 |    120 |    398 |   1 |  537.0 |
          Lair |  15196 |  13647 |   1549 |   2729 |   8579 |   6 | 2532.7 |
        Shoals |   4855 |   4386 |    469 |    186 |   2705 |   4 | 1213.8 |
   Spider Nest |   4693 |   4466 |    227 |    174 |   3153 |   4 | 1173.2 |
    Slime Pits |   5190 |   4699 |    491 |    661 |   2852 |   5 | 1038.0 |
  Orcish Mines |   2802 |   2483 |    319 |    338 |   1163 |   2 | 1401.0 |
   Elven Halls |   6401 |   5890 |    511 |    679 |   3205 |   3 | 2133.7 |
        Vaults |  10884 |  10014 |    870 |    134 |   7784 |   5 | 2176.8 |
         Crypt |   3624 |   3489 |    135 |    359 |   1861 |   3 | 1208.0 |
          Tomb |   1597 |   1550 |     47 |    364 |    461 |   2 |  798.5 |
        Bailey |   1710 |   1710 |      0 |    881 |    242 |   1 | 1710.0 |
      Gauntlet |    617 |    617 |      0 |      0 |    351 |   1 |  617.0 |
               +--------+--------+--------+--------+--------+-----+--------+

Top non-repeatable levels by time:
  Lair:5: 4601 daAuts
Vaults:4: 3381 daAuts
  Lair:6: 3229 daAuts
  Lair:4: 2485 daAuts
Vaults:2: 2429 daAuts
   Elf:3: 2414 daAuts
   Elf:2: 2093 daAuts
  Lair:3: 2071 daAuts
     D:3: 2059 daAuts
   Orc:2: 1964 daAuts
   Elf:1: 1893 daAuts
Spider:4: 1892 daAuts
Vaults:3: 1874 daAuts
Vaults:5: 1784 daAuts
    D:11: 1783 daAuts
